 Dungeon Crawl Stone Soup version 0.19-a0-1513-gf6d23ed (webtiles) character file.

16918 TheGoonsmith the Covert (level 12, -6/60 HPs)
             Began as a Spriggan Enchanter on Sept 12, 2016.
             Was an Initiate of Gozag.
             Mangled by an ice devil (15 damage)
             ... in an ice cave.
             The game lasted 00:49:49 (20974 turns).

TheGoonsmith the Covert (Spriggan Enchanter)       Turns: 20974, Time: 00:49:50

Health: -6/60      AC:  5    Str:  4    XL:     12   Next: 14%
Magic:  22/22      EV: 34    Int: 20    God:    Gozag
Gold:   893        SH:  0    Dex: 25    Spells: 4 memorised, 14 levels left

rFire  + . .     SeeInvis +     b - +6 scimitar of Flaming Death {sticky flame, rPois rF++ rC- MR+}
rCold  . . .     Gourm    .     Q - +1 robe
rNeg   . . .     Faith    .     (shield restricted)
rPois  +         Spirit   .     S - +1 hat
rElec  .         Dismiss  .     N - +0 cloak
rCorr  .         Reflect  .     (gloves unavailable)
MR     +++..     Harm     .     (boots unavailable)
Stlth  ++++++++..               (no amulet)
                                L - ring of poison resistance
                                w - ring of ice

@: agile, gold aura, very quick
A: unfitting armour, see invisible, clever 1, herbivore 3, speed 3, slow
metabolism 2
a: Potion Petition, Call Merchant, Bribe Branch, Renounce Religion


You were in an ice cave.
You worshipped Gozag.
Gozag was pleased with you.
You were not hungry.

You visited 3 branches of the dungeon, and saw 14 of its levels.
You also visited: Sewer, Ossuary and Ice Cave.

You collected 2689 gold pieces.
You spent 1633 gold pieces at shops.
You paid 163 gold pieces to Gozag.

Inventory:

Hand Weapons
 a - a +3 dagger of freezing
 b - the +6 scimitar of Flaming Death (weapon) {sticky flame, rPois rF++ rC- MR+}
   (You bought it in a shop on level 6 of the Dungeon)

   It has been specially enchanted to burn those struck by it, causing extra
   injury to most foes and up to half again as much damage against particularly
   susceptible opponents.
   Big, fiery blades are also staple armaments of hydra-hunters.
   It greatly protects you from fire.
   It makes you vulnerable to cold.
   It protects you from poison.
   It affects your resistance to hostile enchantments.
 C - a +0 blowgun
 P - a +2 dagger
Missiles
 A - 4 throwing nets (quivered)
 B - 55 poisoned needles
Armour
 p - a +0 robe
 G - a fire dragon hide
 N - a +0 cloak (worn)
 Q - a +1 robe (worn)
 S - a +1 hat (worn)
Jewellery
 k - a +2 ring of intelligence
 w - a ring of ice (left hand)
 L - a ring of poison resistance (right hand)
 U - an uncursed ring of positive energy {unknown}
Wands
 j - a wand of random effects (41/48)
 l - a wand of acid (4/15)
 n - a wand of digging (18/24)
 I - a wand of slowing (19/48)
 J - a wand of iceblast (1/15)
 O - a wand of polymorph (6/24)
 R - a wand of random effects (24/48)
Scrolls
 f - 5 scrolls of remove curse
 r - 2 scrolls of identify
 s - 4 scrolls of fear
 u - 2 scrolls of enchant weapon
 v - 7 scrolls of teleportation
 y - 5 scrolls of recharging
 F - 2 scrolls of fog
 T - a scroll of holy word {unknown}
 V - a scroll of immolation {unknown}
Potions
 e - a potion of lignification
 g - 3 potions of brilliance
 h - 4 potions of flight
 i - 4 potions of mutation
 o - a potion of cancellation
 t - 2 potions of might
 x - 4 potions of resistance
 z - 6 potions of heal wounds
 D - 10 potions of curing
 E - a potion of magic
 H - a potion of cure mutation
 M - 2 potions of degeneration {unknown}
Books
 c - a book of Maledictions

   Spells                             Type                      Level
   a - Corona                         Hexes                        1
   b - Ensorcelled Hibernation        Hexes/Ice                    2
   c - Confuse                        Hexes                        3
   d - Tukima's Dance                 Hexes                        3
   e - Dazzling Spray                 Conjuration/Hexes            3
 K - a book of Conjurations

   Spells                             Type                      Level
   a - Magic Dart                     Conjuration                  1
   b - Searing Ray                    Conjuration                  2
   c - Dazzling Spray                 Conjuration/Hexes            3
   d - Fulminant Prism                Conjuration/Hexes            4
   e - Iskenderun's Mystic Blast      Conjuration                  4
   f - Iskenderun's Battlesphere      Conjuration/Charms           5
Miscellaneous
 W - a lamp of fire
Comestibles
 d - 8 bread rations
 m - 8 fruits


   Skills:
 - Level 5.2 Fighting
 - Level 10.6(11.6) Short Blades
 * Level 6.1(8.1) Long Blades
 - Level 9.8 Dodging
 + Level 13.5 Stealth
 - Level 6.5 Spellcasting
 - Level 3.0 Conjurations
 - Level 6.0 Hexes
 - Level 8.0 Evocations


You had 14 spell levels left.
You knew the following spells:

 Your Spells              Type           Power        Failure   Level  Hunger
a - Corona                Hex            ####...      1%          1    None
b - Tukima's Dance        Hex            ####....     2%          3    #......
c - Confuse               Hex            ####....     2%          3    #......
d - Dazzling Spray        Conj/Hex       ###...       6%          3    #......


Dungeon Overview and Level Annotations

Branches:
Dungeon (10/15)            Temple (1/1) D:6            Lair (3/6) D:10
  Swamp (0/4) Lair:2       Spider (0/4) Lair:2          Orc (0/2) D:10

Altars:
Ashenzari
Cheibriados
Elyvilon
Fedhas
Gozag
Makhleb
Okawaru
Qazlal
Ru
Sif Muna
Xom
Yredelemnul
Zin
The Shining One

Shops:
D:6 (   D:9 *


Innate Abilities, Weirdness & Mutations

You are tiny and cannot use many weapons and most armour.
You have supernaturally acute eyesight. (SInv)
You are a herbivore.
You cover ground extremely quickly.
You need consume almost no food.
Your mind is acute. (Int +2)


Message History

The ice devil misses you.
You slash the ice devil! You burn the ice devil.
The ice devil is heavily wounded.
The ice devil is distracted by the nearby gold.
You barely miss the ice devil.
The ice devil is no longer distracted by gold.
The ice devil is heavily wounded.
The ice devil completely misses you.
You barely miss the ice devil.
The ice devil is heavily wounded.
The ice devil completely misses you.
You riposte.
You hit the ice devil. You burn the ice devil.
The ice devil is heavily wounded.
You slash the ice devil! You burn the ice devil.
The ice devil is severely wounded.
The ice devil hits you!
* * * LOW HITPOINT WARNING * * *
The ice devil freezes you!
You die...
Your body crumbles into a pile of gold.

#### .
##..###### ...
##....##..##....
#...$...........
#..@4..$........
#....$..##......
##....### #....
##..## ... ####
.


You could see an ice devil.

Vanquished Creatures
  Harold (Lair:1)
  The ghost of AlphabetPasta the Destroyer, a journeyman VSCj of Vehumet (IceCv)
  Pikel (D:8)
  The ghost of TheGoonsmith the Slicer, a novice SpEn of Ashenzari (D:8)
  Maurice (D:9)
  A spiny frog (Lair:1)
  A rime drake (Lair:2)
  3 ice devils (IceCv)
  The ghost of AlphabetPasta the Cutter, a novice KoMo (D:4)
  4 komodo dragons (Lair:1)
  A merfolk (D:10)
  4 trolls
  3 two-headed ogres
  A wyvern (D:10)
  A basilisk (Lair:2)
  2 steam dragons
  A yak (D:7)
  A hill giant zombie (D:10)
  5 hippogriffs
  3 hungry ghosts (D:10)
  3 porcupines (Lair:1)
  4 water moccasins
  3 slaves
  An eye of draining (D:7)
  3 orc warriors
  11 ice beasts
  5 ogres
  2 black bears
  2 sky beasts
  2 centaurs
  8 wolves
  3 crocodiles (Lair:1)
  4 elf zombies (Ossuary)
  13 giant frogs
  2 scorpions
  A wyvern skeleton (D:9)
  2 troll zombies (D:10)
  5 killer bees (D:10)
  3 wights (D:7)
  2 electric eels (Lair:2)
  6 centaur zombies
  6 crimson imps
  A lava snake (D:10)
  3 giant frog zombies
  4 hounds
  3 orc priests
  4 jellies
  4 human zombies (Ossuary)
  A gnoll shaman (D:9)
  2 centaur skeletons
  4 giant frog skeletons
  6 iguanas
  3 orc wizards
  Natasha (thrice) (D:3 D:5)
  8 worker ants
  5 ogre zombies (D:10)
  A hound zombie (D:7)
  2 hound skeletons
  3 mummies (Ossuary)
  A worker ant zombie (D:10)
  10 gnolls
  11 adders
  7 river rats
  4 shadow imps
  7 oozes
  2 adder skeletons
  An adder zombie (D:5)
  7 worms
  4 dart slugs
  7 giant geckos
  25 orcs
  3 ball pythons
  11 giant cockroaches
  7 goblins
  11 hobgoblins
  8 jackals
  6 kobolds
  8 quokkas
  15 bats
  5 giant gecko skeletons
  10 giant newts
  2 goblin skeletons (D:10)
  5 goblin zombies
  A hobgoblin skeleton (D:10)
  4 hobgoblin zombies (D:10)
  2 jackal skeletons
  4 orc skeletons (D:10)
  10 orc zombies (D:10)
  A quokka zombie (D:5)
  8 rats
  A rat zombie (D:7)
393 creatures vanquished.

Vanquished Creatures (collateral kills)
  An ogre (D:6)
1 creature vanquished.

Vanquished Creatures (others)
  A dancing weapon (D:3)
  A slave (D:8)
  3 orcs (D:8)
5 creatures vanquished.

Grand Total: 399 creatures vanquished

Notes
Turn   | Place    | Note
-------+----------+-------------------------------------------
     0 | D:1      | TheGoonsmith the Spriggan Enchanter began the quest for the Orb.
     0 | D:1      | Reached XP level 1. HP: 9/9 MP: 5/5
   532 | D:1      | Reached XP level 2. HP: 13/13 MP: 6/6
   864 | D:1      | Reached skill level 5 in Stealth
  1271 | D:2      | Reached XP level 3. HP: 4/16 MP: 8/8
  1575 | D:2      | Found a deep blue altar of Sif Muna.
  1774 | D:1      | Learned a level 3 spell: Confuse
  1778 | D:1      | Learned a level 3 spell: Tukima's Dance
  3115 | D:3      | Reached XP level 4. HP: 20/21 MP: 9/9
  3545 | D:3      | Reached skill level 6 in Stealth
  3693 | D:3      | Reached XP level 5. HP: 20/24 MP: 10/10
  3903 | D:3      | Noticed Natasha
  3918 | D:3      | Killed Natasha
  4548 | D:4      | Noticed AlphabetPasta's ghost (novice KoMo)
  4839 | D:4      | Reached skill level 5 in Dodging
  5069 | D:4      | Found a glowing drain.
  5073 | Sewer    | Entered a sewer
  6198 | Sewer    | Reached XP level 6. HP: 28/28 MP: 11/11
  7202 | D:4      | Killed AlphabetPasta's ghost
  7202 | D:4      | Reached skill level 5 in Short Blades
  7202 | D:4      | Reached skill level 7 in Stealth
  7202 | D:4      | Reached XP level 7. HP: 14/32 MP: 5/12
  7401 | D:5      | Entered Level 5 of the Dungeon
  7752 | D:4      | Reached skill level 8 in Stealth
  8062 | D:5      | Noticed Natasha
  8093 | D:5      | Killed Natasha
  8127 | D:5      | Noticed Natasha
  8132 | D:5      | Killed Natasha
  8132 | D:5      | Reached skill level 1 in Fighting
  8581 | D:5      | Found a shattered altar of Ashenzari.
  8658 | D:5      | Reached XP level 8. HP: 39/39 MP: 3/13
  9402 | D:6      | Found a staircase to the Ecumenical Temple.
  9410 | Temple   | Entered the Ecumenical Temple
  9440 | Temple   | Became a worshipper of Gozag Ym Sagoz the Greedy
  9464 | D:6      | Reached skill level 5 in Hexes
  9631 | D:6      | Reached skill level 5 in Spellcasting
  9747 | D:6      | Found a glowing silver altar of Zin.
  9747 | D:6      | Found a stormy altar of Qazlal.
  9960 | D:6      | Found Qunk's Antique Weapon Shoppe.
  9992 | D:6      | Found a shimmering altar of Xom.
 10213 | D:7      | Found a sand-covered staircase.
 10262 | Ossuary  | Entered an ossuary
 10352 | Ossuary  | Reached XP level 9. HP: 42/42 MP: 11/17
 10919 | D:7      | Reached skill level 10 in Short Blades
 11305 | D:7      | Found a white marble altar of Elyvilon.
 12245 | D:8      | Noticed Pikel
 12712 | D:7      | Reached skill level 5 in Fighting
 12796 | D:7      | Reached skill level 1 in Evocations
 12796 | D:7      | Reached XP level 10. HP: 51/51 MP: 9/18
 12840 | D:8      | Noticed TheGoonsmith's ghost (novice SpEn)
 13282 | D:8      | Learned a level 3 spell: Dazzling Spray
 13350 | D:8      | Killed TheGoonsmith's ghost
 13350 | D:8      | Reached skill level 1 in Conjurations
 13479 | D:8      | Killed Pikel
 13995 | D:9      | Found Poxt's General Store.
 13998 | D:9      | Bought a scroll of identify for 34 gold pieces
 13998 | D:9      | Bought a scroll of teleportation for 51 gold pieces
 14223 | D:9      | Noticed Maurice
 14229 | D:9      | Killed Maurice
 14229 | D:9      | Reached skill level 9 in Stealth
 15410 | D:10     | Entered Level 10 of the Dungeon
 15688 | D:10     | Gained mutation: Your mind is acute. (Int +2) [potion of beneficial mutation]
 15700 | D:10     | Found a staircase to the Orcish Mines.
 15872 | D:9      | Reached skill level 10 in Stealth
 16495 | D:10     | Found a staircase to the Lair.
 16656 | D:10     | Reached XP level 11. HP: 56/56 MP: 14/21
 17070 | D:10     | Reached skill level 5 in Evocations
 17684 | Lair:1   | Entered Level 1 of the Lair of Beasts
 17975 | Lair:1   | Reached skill level 11 in Stealth
 18336 | D:6      | Bought the +6 scimitar of Flaming Death {sticky flame, rPois rF++ rC- MR+} for 1548 gold pieces
 18584 | Lair:1   | Reached skill level 1 in Long Blades
 18704 | Lair:1   | Reached skill level 12 in Stealth
 19685 | Lair:1   | Noticed Harold
 19688 | Lair:1   | Killed Harold
 20251 | Lair:2   | Found a hole to the Spider Nest.
 20324 | Lair:2   | Found a staircase to the Swamp.
 20505 | Lair:2   | Reached skill level 5 in Long Blades
 20559 | Lair:2   | Reached skill level 13 in Stealth
 20895 | Lair:3   | Found a frozen archway.
 20908 | Lair:3   | Reached XP level 12. HP: 60/60 MP: 22/22
 20934 | IceCv    | Entered an ice cave
 20936 | IceCv    | Noticed AlphabetPasta's ghost (journeyman VSCj)
 20939 | IceCv    | Killed AlphabetPasta's ghost
 20974 | IceCv    | Mangled by an ice devil

Vault maps used:
D:1:      dpeg_arrival_shrine
D:2:      lemuel_round_altar, minmay_split_cup_large
D:3:      first_bread, uniq_natasha
D:4:      gup_sewer_entry_spiral
D:5:      kennysheep_mini, minmay_misc_feat_ornament
D:6:      marbit_many_paths, gammafunk_temple_overflow_statue, serial_shops,
          shop_fountains
D:7:      kennysheep_little_box, enter_ossuary_4, minmay_small_thing
D:8:      uniq_pikel
D:9:      serial_shops, nicolae_shop_behind_doors, uniq_maurice
D:10:     lair_0_dummy, zombieorc2_lemuel, hangedman_fish_farm,
          kennysheep_generic_room_5
Temple:   regret_index_temple_waves
Lair:1:   infiniplex_staircase_pool, grunt_megastairs_3, uniq_harold
Lair:2:   swamp_mist, spider_nest_entry_a, bh_autumn_forest_stairs
Lair:3:   portal_ice_cave_entry_ice_beasts, infiniplex_staircase_pool_2,
          serial_bayou_shore_a
Sewer:    sewer_fruit_machine
Ossuary:  ossuary_minmay_four_chambers
IceCv:    ice_cave_tombish

Skill      XL: |  1  2  3  4  5  6  7  8  9 10 11 12 |
---------------+-------------------------------------+-----
Short Blades   | 2 3 4 5 6 8 10 | 10.6
Stealth        | 5 6 7 8 10 13 | 13.5
Dodging        | 4 5 6 9 |  9.8
Fighting       | 2 5 |  5.2
Spellcasting   | 3 5 6 |  6.5
Hexes          | 4 6 |  6.0
Evocations     | 1 4 8 |  8.0
Conjurations   | 3 |  3.0
Long Blades    | 5 6 |  6.1

Action                   |  1- 3 |  4- 6 |  7- 9 | 10-12 || total
-------------------------+-------+-------+-------+-------++-------
Melee: Dagger            |   226 |   374 |   615 |   978 ||  2193
       Scimitar          |       |       |       |   164 ||   164
 Fire: Blowgun           |       |       |     9 |       ||     9
 Cast: Corona            |     3 |       |       |       ||     3
       Confuse           |     6 |    24 |    57 |   111 ||   198
       Tukima's Dance    |       |     1 |    10 |    16 ||    27
       Dazzling Spray    |       |       |       |     1 ||     1
Evoke: Wand              |       |       |       |     5 ||     5
  Use: Potion            |     2 |     3 |       |     4 ||     9
       Scroll            |       |    13 |     4 |     6 ||    23
 Stab: Sleeping          |    13 |    19 |    38 |    33 ||   103
       Confused          |     1 |     6 |    31 |    55 ||    93
       Distracted        |     1 |     1 |     3 |     7 ||    12
  Eat: Bread ration      |       |     2 |     1 |     2 ||     5
       Pizza             |       |       |       |     1 ||     1
Armor: Robe              |    18 |    29 |     9 |    23 ||    79
Dodge: Dodged            |   186 |   299 |   262 |   635 ||  1382
